 Seeded DCSS version 0.30-a0-365-ge7f957f1db (webtiles) character file.

Game seed: 20221116 (custom seed)

281 Nerdsrcool the Slasher (level 6, -4/45 HPs)
             Began as a Djinni Gladiator on Nov 16, 2022.
             Slain by Pikel
             ... wielding a +2 whip of flaming
              (11 damage)
             ... on level 4 of the Dungeon.
             The game lasted 00:11:18 (2951 turns).

Nerdsrcool the Slasher (Djinni Gladiator)           Turns: 2951, Time: 00:11:20

Health: -4/45      AC: 12    Str: 21    XL:     6   Next: 53%
Gold:   183        EV:  7    Int:  9    God:
                   SH:  0    Dex: 15

rFire   + + .      SeeInvis .    D - +0 spear
rCold   x . .      Faith    .    (no shield)
rNeg    . . .      Spirit   .    x - +0 plate armour
rPois   ∞          Reflect  .    c - +0 helmet
rElec   .          Harm     .    p - scarf {shadows}
rCorr   .          Rampage  .    (no gloves)
Will    .....                    (boots unavailable)
Stlth   ..........               (no amulet)
HPRegen 0.27/turn                u - +6 ring of strength
MPRegen 0.00/turn                (no ring)

@: flying
A: sickness immunity, fire resistance 2, cold vulnerability 1, float, innate
caster, HP casting, extra vitality 1
a: no special abilities


You were on level 4 of the Dungeon.
You visited 1 branch of the dungeon, and saw 4 of its levels.

You collected 183 gold pieces.

Inventory:

Hand Weapons
 a - a +0 long sword
 z - a +0 dagger of speed
 D - a +0 spear (weapon)
Missiles
 d - a throwing net (quivered)
 t - 8 boomerangs
Armour
 b - a +0 leather armour
 c - a +0 helmet (worn)
 f - a +0 ring mail
 n - a +0 helmet
 p - a scarf of shadows (worn)
 x - a +0 plate armour (worn)
Jewellery
 u - a +6 ring of strength (left hand)
Wands
 G - a wand of polymorph (6)
Scrolls
 e - a scroll of fear {unknown}
 g - a scroll of noise
 i - a scroll of blinking {unknown}
 j - a scroll of immolation
 m - a scroll of enchant armour {unknown}
 o - a scroll of teleportation {unknown}
 q - a scroll of magic mapping {unknown}
 r - a scroll of identify {unknown}
 w - a scroll of amnesia {unknown}
 y - a scroll of vulnerability {unknown}
 H - a scroll of silence {unknown}
Potions
 h - a potion of degeneration {unknown}
 k - 2 potions of lignification
 l - a potion of mutation {unknown}
 s - a potion of ambrosia {unknown}
 v - 3 potions of brilliance {unknown}
 B - a potion of berserk rage {unknown}
 C - a potion of resistance {unknown}
 E - a potion of invisibility {unknown}


   Skills:
 + Level 2.7 Fighting
 + Level 4.5 Long Blades
 + Level 1.1 Polearms
 + Level 1.7 Throwing
 + Level 2.6 Armour
 + Level 4.0 Dodging


You had 2 spell levels left.
You knew the following spells:

 Your Spells              Type           Power      Damage    Failure   Level
a - Slow                  Hex            0%         N/A       100%        1
b - Poisonous Vapours     Pois/Air       0%         N/A       100%        2
Your spell library was empty.


Dungeon Overview and Level Annotations

Branches:
Dungeon (4/15)
 Temple: D:4-7

Altars:
Qazlal
Ru
Trog
Zin

Shops:
D:2 !:   D:4 *

Annotations:
D:4 Pikel


Innate Abilities, Weirdness & Mutations

You are immune to sickness and miasma.
You are immune to poison.
Your flesh is very heat resistant. (rF++)
You are vulnerable to cold. (rC-)
You float through the air rather than walking.
You learn spells naturally, not from books.
Your magical power is your life essence.
You have superior vitality. (+4 MHP)


Message History

Pikel struggles against the net.
You hit Pikel.
Pikel is heavily wounded.
The lemure closely misses you.
Pikel struggles against the net.
The dart slug launches a dart at you.
The slug dart hits you but does no damage.
You hit Pikel but do no damage.
Pikel is heavily wounded.
The lemure barely misses you.
Pikel struggles against the net.
You hit Pikel but do no damage.
Pikel is heavily wounded.
The lemure closely misses you.
Pikel struggles against the net.
The dart slug launches a dart at you. The slug dart hits you.
* * * LOW HITPOINT WARNING * * *
The lemure hits you but does no damage.
Pikel struggles against the net.
You completely miss Pikel.
Pikel is heavily wounded.
The dart slug bites you.
* * * LOW HITPOINT WARNING * * *
The lemure hits you but does no damage.
Pikel says, "Hell isn't that bad."
Pikel struggles against the net.
The net rips apart, and Pikel comes free!
You hit Pikel but do no damage.
Pikel is heavily wounded.
The lemure hits you but does no damage. The dart slug bites you.
* * * LOW HITPOINT WARNING * * *
Pikel hits you but does no damage.
You hit Pikel.
Pikel is heavily wounded.
The lemure barely misses you. Pikel hits you but does no damage.
You barely miss Pikel. Your punch misses Pikel.
Pikel is heavily wounded.
The dart slug launches a dart at you.
The slug dart hits you but does no damage.
The lemure hits you.
* * * LOW HITPOINT WARNING * * *
Pikel hits you with a +2 whip of flaming!
You die...

..........#
..........## .
......8...8## .
####.......## #.
.#8.>.∩.<.8#
#.##..#.......##
#..##...8###8.#
#.w.##..# #..#
#@##..###.##
#5K#......#
###5#.##.###
#..5.....#
#........#
#........#
#........#
#........#
#.(.(....#


You could see Pikel, 3 lemures and a dart slug.

Vanquished Creatures
  A hound (D:4)
  An orc priest (D:3)
  An orc wizard (D:3)
  4 gnolls (D:2)
  10 adders
  A worm (D:3)
  3 orcs (D:3)
  5 ball pythons
  9 endoplasms
  2 giant cockroaches (D:1)
  5 goblins
  2 hobgoblins
  A jackal (D:1)
  3 quokkas
  7 bats
  4 frilled lizards
  3 kobolds
  6 rats
68 creatures vanquished.

Notes
Turn   | Place    | Note
-------+----------+-------------------------------------------
     0 | D:1      | Nerdsrcool the Djinni Gladiator began the quest for the
                  | Orb.
     0 | D:1      | Reached XP level 1. HP: 18/18 MP: 0/0
   115 | D:1      | Reached XP level 2. HP: 16/23 MP: 0/0
   639 | D:1      | Reached XP level 3. HP: 26/28 MP: 0/0
   639 | D:1      | Learned a level 1 spell: Slow
  1344 | D:2      | Found Dewicvipru's Distillery.
  1373 | D:2      | Found Esteamam's Vocational Training.
  1385 | D:2      | Reached skill level 1 in Armour
  1385 | D:2      | Reached XP level 4. HP: 28/33 MP: 0/0
  1661 | D:2      | Reached XP level 5. HP: 32/38 MP: 0/0
  1661 | D:2      | Learned a level 2 spell: Poisonous Vapours
  2277 | D:3      | Reached XP level 6. HP: 23/45 MP: 0/0
  2676 | D:3      | Found a glowing silver altar of Zin.
  2681 | D:3      | Found a bloodstained altar of Trog.
  2683 | D:3      | Found a faded altar of an unknown god.
  2685 | D:3      | Found a sacrificial altar of Ru.
  2688 | D:3      | Found a stormy altar of Qazlal.
  2843 | D:4      | Found Jileara's General Store.
  2920 | D:4      | Reached skill level 1 in Polearms
  2923 | D:4      | Noticed Pikel
  2951 | D:4      | Slain by Pikel

Illustrated notes

Levels and vault maps discovered:
D:1:      dpeg_arrival_brainrot, layout_basic
D:2:      layout_loops_ring, serial_shops, nicolae_shop_crystal, hex_tiny,
          nicolae_hexahallways, fountainhead, nicolae_shop_vocational
D:3:      layout_rooms, chequers_temple_overflow_minitemple
D:4:      layout_rooms, mainiacjoe_overflow_six_doors_small, serial_shops,
          nicolae_stop_n_shop_2, minmay_manual_mares, uniq_duvessa,
          uniq_eustachio, uniq_pikel

Skill      XL: |  1  2  3  4  5  6 |
---------------+-------------------+-----
Long Blades    | 3 4 |  4.5
Armour         | 1 2 |  2.6
Dodging        | 4 |  4.0
Polearms       | 1 |  1.1
Fighting       | |  2.7
Throwing       | |  1.7

Action                   |  1- 3 |  4- 6 || total
-------------------------+-------+-------++-------
Melee: Long sword        |   101 |    64 ||   165
       Spear             |       |   101 ||   101
       Punch             |       |     1 ||     1
Throw: Javelin           |       |     7 ||     7
       Throwing net      |       |     2 ||     2
 Cast: Slow              |       |     1 ||     1
  Use: Potion            |       |     4 ||     4
       Scroll            |       |     2 ||     2
 Stab: Sleeping          |     1 |       ||     1
Armor: Leather armour    |    11 |       ||    11
       Plate armour      |    31 |   171 ||   202
       Ring mail         |     8 |       ||     8
       Skin              |       |    18 ||    18
Dodge: Dodged            |    56 |    74 ||   130

Table legend: (Time is in decaauts)
 A = Elapsed time spent in this place.
 B = Non-inter-level travel time spent in this place.
 C = Inter-level travel time spent in this place.
 D = Time resting spent in this place.
 E = Time spent auto-exploring this place.
 F = Levels seen in this place.
 G = Mean time per level.
                   A        B        C        D        E       F      G
               +--------+--------+--------+--------+--------+-----+--------+
         Total |   2997 |   2997 |      0 |    252 |   1950 |   4 |  749.2 |
       Dungeon |   2997 |   2997 |      0 |    252 |   1950 |   4 |  749.2 |
               +--------+--------+--------+--------+--------+-----+--------+

Top non-repeatable levels by time:
     D:2: 1269 daAuts
     D:1: 1022 daAuts
     D:3: 593 daAuts
     D:4: 111 daAuts
